Workbook
Name financials?query_balance_sheet: BS!$A$1:$E$94
Name financials?query_cash_flow: CS!$A$3:$E$86
Name financials?query_income_statement: IS!$A$3:$E$80

Sheet IS
A2: INCOME STATEMENT
F4: PROJECTIONS | L4: Change Rates | P4: Projections
B5: 2018 | C5: 2017 | D5: 2016 | E5: 2015 | F5: 2019 | G5: 2020 | H5: 2021 | I5: 2022 | J5: 2023 | L5: Period Ending | M5: 2016 | N5: 2017 | O5: 2018 | P5: 2019 | Q5: 2020 | R5: 2021 | S5: 2022 | T5: 2023
A6: Total Revenue | B6: 13547000 | C6: 12854000 | D6: 12965000 | E6: 13525000 | F6: =B6*(1+P6) -> 13944167 | G6: =F6+(1+Q6) -> 13944168 | H6: =G6+(1+R6) -> 13944169 | I6: =H6+(1+S6) -> 13944170 | J6: =I6+(1+T6) -> 13944171 | L6: Total Revenue Growth | N6: 0.05 | O6: =(D6-C6)/C6 -> 0.0086354442 | P6: =AVERAGE(N6:O6) -> 0.029317722 | Q6: =AVERAGE($N$6:P6) -> 0.029317722 | R6: =AVERAGE(O6:Q6) -> 0.022423629 | S6: =AVERAGE(P6:R6) -> 0.027019691 | T6: =AVERAGE(Q6:S6) -> 0.026253681
A7: Cost of Revenue | B7: 8821000 | C7: 8155000 | D7: 8131000 | E7: 8844000 | F7: =B7*(1+P7) -> 8475020 | G7: =C7*(1+Q7) -> 7835142 | H7: =D7*(1+R7) -> 7910412.5 | I7: =E7*(1+S7) -> 8532768.4 | J7: =F7*(1+T7) -> 8188160.9 | L7: Cost of Revenue | N7: =(C7-B7)/B7 -> -0.075501644 | O7: =(D7-C7)/C7 -> -0.0029429798 | P7: =AVERAGE(N7:O7) -> -0.039222312 | Q7: =AVERAGE(N7:P7) -> -0.039222312 | R7: =AVERAGE(O7:Q7) -> -0.027129201 | S7: =AVERAGE(P7:R7) -> -0.035191275 | T7: =AVERAGE(Q7:S7) -> -0.033847596
A8: Gross Profit | B8: 4726000 | C8: 4699000 | D8: 4834000 | E8: =E6-E7 -> 4681000 | F8: =F6-F7 -> 5469147.2 | G8: =G6-G7 -> 6109026.2 | H8: =H6-H7 -> 6033756.8 | I8: =I6-I7 -> 5411401.9 | J8: =J6-J7 -> 5756010.4 | L8: Sales, General and Admin | M8: =ROUND((B12/B6),2) -> 0.22 | N8: =ROUND((C12/C6),2) -> 0.26 | O8: =ROUND((D12/D6),2) -> 0.26 | P8: =AVERAGE(N8:O8) -> 0.26 | Q8: =AVERAGE(N8:P8) -> 0.26 | R8: =AVERAGE(O8:Q8) -> 0.26 | S8: =AVERAGE(P8:R8) -> 0.26 | T8: =AVERAGE(Q8:S8) -> 0.26
L9: Interest Expense | M9: =(C18-B18)/B18 -> -0.10801394 | N9: =(D18-C18)/C18 -> 0.5859375 | O9: =(E18-D18)/D18 -> -0.4408867 | P9: =AVERAGE(N9:O9) -> 0.0725254 | Q9: =AVERAGE(N9:P9) -> 0.0725254 | R9: =AVERAGE(O9:Q9) -> -0.098611966 | S9: =AVERAGE(P9:R9) -> 0.015479611 | T9: =AVERAGE(Q9:S9) -> -0.0035356516
A10: Operating Expenses | L10: Effective tax rate | M10: =B20/B19 -> 0.13619263 | N10: =C20/C19 -> 0.24743512 | O10: =D20/D19 -> 0.251606 | P10: =AVERAGE(N10:O10) -> 0.24952056 | Q10: =AVERAGE(N10:P10) -> 0.24952056 | R10: =AVERAGE(O10:Q10) -> 0.25021571 | S10: =AVERAGE(P10:R10) -> 0.24975227 | T10: =AVERAGE(Q10:S10) -> 0.24982951
A11: Research and Development | B11: 0 | C11: 0 | D11: 0 | E11: 0 | F11: 0 | G11: 0 | H11: 0 | I11: 0 | J11: 0
A12: Sales, General and Admin. | B12: 3020000 | C12: 3312000 | D12: 3351000 | E12: 3590000 | F12: =B12*(1+P8) -> 3805200 | G12: =F12*(1+Q8) -> 4794552 | H12: =G12*(1+R8) -> 6041135.5 | I12: =H12*(1+S8) -> 7611830.8 | J12: =I12*(1+T8) -> 9590906.8
A13: Non-Recurring Items | B13: 0 | C13: 0 | D13: 0 | E13: 0 | F13: 0 | G13: 0 | H13: 0 | I13: 0 | J13: 0
A14: Other Operating Items | B14: 0 | C14: 0 | D14: 0 | E14: 0 | F14: 0 | G14: 0 | H14: 0 | I14: 0 | J14: 0
A15: Operating Income | B15: 1706000 | C15: 1387000 | D15: 1483000 | E15: 1091000 | F15: =F8-F12 -> 1663947.2 | G15: =G8-G12 -> 1314474.2 | H15: =H8-H12 -> -7378.7526 | I15: =I8-I12 -> -2200428.9 | J15: =J8-J12 -> -3834896.4
A16: Add'l income/expense items | B16: -90000 | C16: 526000 | D16: -143000 | E16: -91000 | F16: 97667 | G16: 97667 | H16: 97667 | I16: 97667 | J16: 97667
A17: Earnings Before Interest and Tax | B17: 1616000 | C17: 1913000 | D17: 1340000 | E17: 1000000 | F17: =SUM(F15:F16) -> 1761614.2 | G17: =SUM(G15:G16) -> 1412141.2 | H17: =SUM(H15:H16) -> 90288.247 | I17: =SUM(I15:I16) -> -2102761.9 | J17: =SUM(J15:J16) -> -3737229.4
A18: Interest Expense | B18: 287000 | C18: 256000 | D18: 406000 | E18: 227000 | F18: =B18*(1+P9) -> 307814.79 | G18: =F18*(1+Q9) -> 330139.18 | H18: =G18*(1+R9) -> 297583.51 | I18: =H18*(1+S9) -> 302189.98 | J18: =I18*(1+T9) -> 301121.55
A19: Earnings Before Tax | B19: 1329000 | C19: 1657000 | D19: 934000 | E19: 773000 | F19: =F17-F18 -> 1453799.4 | G19: =G17-G18 -> 1082002 | H19: =H17-H18 -> -207295.26 | I19: =I17-I18 -> -2404951.8 | J19: =J17-J18 -> -4038350.9
A20: Income Tax | B20: 181000 | C20: 410000 | D20: 235000 | E20: 159000 | F20: =F19*P10 -> 362752.84 | G20: =G19*Q10 -> 269981.74 | H20: =H19*R10 -> -51868.53 | I20: =I19*S10 -> -600642.19 | J20: =J19*T10 -> -1008899.3
A21: Minority Interest | B21: -8000 | C21: 0 | D21: -1000 | E21: 0 | F21: -8000 | G21: -8000 | H21: -8000 | I21: -8000 | J21: -8000
A22: Equity Earnings/Loss Unconsolidated Subsidiary | B22: 196000 | C22: 7000 | D22: 1000 | E22: 0 | F22: 196000 | G22: 196000 | H22: 196000 | I22: 196000 | J22: 196000
A24: Net Income-Cont. Operations | B24: 1336000 | C24: 1254000 | D24: 699000 | E24: 614000 | F24: =F19-F20+F21+F22 -> 1279046.6 | G24: =G19-G20+G21+G22 -> 1000020.2 | H24: =H19-H20+H21+H22 -> 32573.27 | I24: =I19-I20+I21+I22 -> -1616309.6 | J24: =J19-J20+J21+J22 -> -2841451.7
A25: Net Income | B25: 1336000 | C25: 1254000 | D25: 699000 | E25: 614000 | F25: =F24 -> 1279046.6 | G25: =G24 -> 1000020.2 | H25: =H24 -> 32573.27 | I25: =I24 -> -1616309.6 | J25: =J24 -> -2841451.7
A26: Net Income Applicable to Common Shareholders | B26: 1336000 | C26: 1254000 | D26: 699000 | E26: 614000 | F26: =F25 -> 1279046.6 | G26: =G25 -> 1000020.2 | H26: =H25 -> 32573.27 | I26: =I25 -> -1616309.6 | J26: =J25 -> -2841451.7

Sheet BS
A2: BALANCE SHEET
B4: 2018 | C4: 2017 | D4: 2016 | E4: 2015
A5: Current Assets
A6: Cash and Cash Equivalents | B6: 321000 | C6: 281000 | D6: 280000 | E6: 251000
A7: Short-Term Investments | B7: 0 | C7: 0 | D7: 0 | E7: 0
A8: Net Receivables | B8: 1375000 | C8: 1389000 | D8: 1231000 | E8: 1344000
A9: Inventory | B9: 1330000 | C9: 1217000 | D9: 1238000 | E9: 1250000
A10: Other Current Assets | B10: 131000 | C10: 149000 | D10: 191000 | E10: 391000
A11: Total Current Assets | B11: 3157000 | C11: 3036000 | D11: 2940000 | E11: 3236000
A12: Long-Term Assets
A13: Long-Term Investments | B13: 413000 | C13: 429000 | D13: 438000 | E13: 456000
A14: Fixed Assets | B14: 3731000 | C14: 3716000 | D14: 3569000 | E14: 3621000
A15: Goodwill | B15: 6050000 | C15: 5504000 | D15: 5166000 | E15: 4968000
A16: Intangible Assets | B16: 3361000 | C16: 2639000 | D16: 2369000 | E16: 2268000
A17: Other Assets | B17: 1068000 | C17: 1027000 | D17: 629000 | E17: 702000
A18: Deferred Asset Charges | B18: 0 | C18: 0 | D18: 0 | E18: 0
A19: Total Assets | B19: 17780000 | C19: 16351000 | D19: 15111000 | E19: 15251000
A21: Current Liabilities
A22: Accounts Payable | B22: 2427000 | C22: 2269000 | D22: 2014000 | E22: 1907000
A23: Short-Term Debt / Current Portion of Long-Term Debt | B23: 686000 | C23: 779000 | D23: 1069000 | E23: 2470000
A24: Other Current Liabilities | B24: 1416000 | C24: 1474000 | D24: 1391000 | E24: 1362000
A25: Total Current Liabilities | B25: 4529000 | C25: 4522000 | D25: 4474000 | E25: 5739000
A26: Long-Term Debt | B26: 8207000 | C26: 7836000 | D26: 6698000 | E26: 5275000
A27: Other Liabilities | B27: 1155000 | C27: 1444000 | D27: 1488000 | E27: 1414000
A28: Deferred Liability Charges | B28: 730000 | C28: 355000 | D28: 525000 | E28: 685000
A29: Misc. Stocks | B29: 0 | C29: 0 | D29: 0 | E29: 0
A30: Minority Interest | B30: 558000 | C30: 16000 | D30: 16000 | E30: 10000
A31: Total Liabilities | B31: 15179000 | C31: 14173000 | D31: 13201000 | E31: 13123000
A33: Stock Holders Equity
A34: Common Stocks | B34: 105000 | C34: 105000 | D34: 105000 | E34: 105000
A35: Capital Surplus | B35: 895000 | C35: 878000 | D35: 806000 | E35: 745000
A36: Retained Earnings | B36: 7652000 | C36: 7069000 | D36: 6571000 | E36: 6597000
A37: Treasury Stock | B37: -4551000 | C37: -4417000 | D37: -3997000 | E37: -3943000
A38: Other Equity | B38: -1500000 | C38: -1457000 | D38: -1575000 | E38: -1376000
A39: Total Equity | B39: 2601000 | C39: 2178000 | D39: 1910000 | E39: 2128000
A40: Total Liabilities & Equity | B40: 17780000 | C40: 16351000 | D40: 15111000 | E40: 15251000

Sheet CS
A2: CASH FLOW
B5: 2018 | C5: 2017 | D5: 2016 | E5: 2015
A6: Net Income | B6: 1336000 | C6: 1254000 | D6: 699000 | E6: 614000
A8: Cash Flows-Operating Activities
A9: Depreciation | B9: 516000 | C9: 481000 | D9: 517000 | E9: 534000
A10: Net Income Adjustments | B10: -275000 | C10: -292000 | D10: 357000 | E10: 276000
A12: Changes in Operating Activities
A13: Accounts Receivable | B13: 76000 | C13: -1300000 | D13: -480000 | E13: -127000
A14: Changes in Inventories | B14: -86000 | C14: 80000 | D14: 7000 | E14: -42000
A15: Other Operating Activities | B15: -154000 | C15: -13000 | D15: 46000 | E15: -52000
A16: Liabilities | B16: 115000 | C16: 193000 | D16: 124000 | E16: 488000
A17: Net Cash Flow-Operating | B17: 1536000 | C17: 403000 | D17: 1271000 | E17: 1691000
A19: Cash Flows-Investing Activities
A20: Capital Expenditures | B20: -578000 | C20: -501000 | D20: -507000 | E20: -553000
A21: Investments | B21: -397000 | C21: 1236000 | D21: 526000 | E21: -456000
A22: Other Investing Activities | B22: 27000 | C22: -586000 | D22: -411000 | E22: -118000
A23: Net Cash Flows-Investing | B23: -948000 | C23: 149000 | D23: -392000 | E23: -1127000
A25: Cash Flows-Financing Activities
A26: Sale and Purchase of Stock | B26: -153000 | C26: -419000 | D26: -58000 | E26: -470000
A27: Net Borrowings | B27: 624000 | C27: 398000 | D27: 1050000 | E27: 21000
A28: Other Financing Activities | B28: -11000 | C28: 0 | D28: -144000 | E28: 0
A30: Net Cash Flows-Financing | B30: -566000 | C30: -604000 | D30: -786000 | E30: -706000
A31: Effect of Exchange Rate | B31: 18000 | C31: 53000 | D31: -64000 | E31: -50000
A32: Net Cash Flow | B32: 40000 | C32: 1000 | D32: 29000 | E32: -192000

Sheet Ke
A2: COST OF EQUITY (Ke)
B7: Risk Free Rate of Return | C7: -0.0139 | G7: 1.39
B8: Market Free Rate of Return | C8: -0.0032 | G8: 0.32
B9: Beta | C9: 0.5 | G9: 0.5
B12: Cost of Equity(Ke) | C12: -0.0086

Sheet Kd
A2: COST OF DEBT (Kd)
B7: Total Interest | C7: 1336000
B8: Total Debt | C8: 8207000
B11: Cost of Debt(Kd) | C11: =C7/C8 -> 0.16278786

Sheet WACC
A2: Weighted Average Cost of Capital (WACC)
B11: Total Shareholders Equity | C11: 2601000
B12: Total Debt | C12: 8207000
B13: Cost of Equity | C13: -0.0086
B14: Cost of Debt | C14: 0.16
B17: Equity + Debt | C17: =C11+C12 -> 10808000
B19: WACC | C19: =((C11/C17)*C13)+((C12/C17)*C14) -> 0.11942556

Sheet DCF
A2: DISCOUNTED CASH FLOW
A4: CASHFLOW | D4: 2019 | E4: 2020 | F4: 2021 | G4: 2022 | H4: 2023
A5: EBIT | D5: =1000*IS!F17 -> 1.7616142e+09 | E5: =1000*IS!G17 -> 1.4121412e+09 | F5: =1000*IS!H17 -> 90288247 | G5: =1000*IS!I17 -> -2.1027619e+09 | H5: =1000*IS!J17 -> -3.7372294e+09
A6: COST OF CAPITAL
A7: Cost of Capital | B7: =WACC!C19 -> 0.11942556
A8: PRESENT VALUE OF CASH FLOWS | D8: 2019 | E8: 2020 | F8: 2021 | G8: 2022 | H8: 2023
D9: Year 1 | E9: Year 2 | F9: Year 3 | G9: Year 4 | H9: Year 5
A10: Discount Factor | D10: =1/((1+$B$7))^1 -> 0.89331532 | E10: =1/((1+$B$7))^2 -> 0.79801226 | F10: =1/((1+$B$7))^3 -> 0.71287658 | G10: =1/((1+$B$7))^4 -> 0.63682357 | H10: =1/((1+$B$7))^5 -> 0.56888426
A11: Present Value of Cash Flows | D11: =D5*D10 -> 1.573677e+09 | E11: =E5*E10 -> 1.126906e+09 | F11: =F5*F10 -> 64364377 | G11: =G5*G10 -> -1.3390883e+09 | H11: =H5*H10 -> -2.126051e+09
A12: TERMINAL VALUE
A13: Cost of Capital | F13: =B7 -> 0.11942556
A14: Growth Rate in Perpetuity | F14: 0.02
A15: Terminal Value | F15: =(H5*(1+F14))/(F13-F14) -> -3.8339982e+10
A16: Kellogg's PV of Operations
B17: PV of CF | D17: PV of Terminal Value | F17: Total
B18: =SUM(D11:H11) -> -7.0019199e+08 | D18: =H10*F15 -> -2.1811012e+10 | F18: =B18+D18 -> -2.2511204e+10
E19: PV of operations | F19: =F18 -> -2.2511204e+10
D20: Cash and Marketable Securities | F20: =1000*BS!B6 -> 321000000
E21: Enterprise Value | F21: =SUM(F19:F20) -> -2.2190204e+10
E23: Longterm debt | F23: =1000*(SUM(BS!B26:B30)-BS!B37) -> 15201000000
E24: Shortterm debt | F24: =1000*(BS!B31+(-BS!B38)) -> 16679000000
E26: Equity Value | F26: =F21-F23-F24 -> -5.4070204e+10
D28: Estimated shares outstanding | F28: 348000000
D29: Estimated value per share | F29: =F26/F28 -> -155.37415
E30: Current Share price | F30: 57.2
E31: Premium | F31: =-(1-F30/F29) -> -1.3681436

Sheet Assumptions
A2: ASSUMPTIONS
A4: No.
A5: 1 | B5: No non-recurring items will occur in the company in its lifetime
A6: 2 | B6: There are no costs to be incurred in research and development.
A7: 3 | B7: There will be no emergence of any other operating item.
A8: 4 | B8: The constant growth rate will be predicted using inflation rates
A9: 5 | B9: The past revenue moving averages were used in predicting revenue growth rate

Sheet K Beta and Rate of Returns
A2: Kellogg's Beta and Rate of Returns
B4: Date | C4: K Close Price | D4: Rate of Returns | E4: Market Price | F4: Market Rate of Return
B5: 43593 | C5: 56.634525 | D5: 0 | E5: 2879.4199 | F5: 0
B6: 43594 | C6: 57.16872 | D6: =(C6-C5)/C6 -> 0.0093441833 | E6: 2870.72 | F6: =(E6-E5)/E6 -> -0.0030305816
B7: 43595 | C7: 58.009583 | D7: =(C7-C6)/C7 -> 0.014495243 | E7: 2881.3999 | F7: =(E7-E6)/E7 -> 0.0037065077
B8: 43598 | C8: 57.158825 | D8: =(C8-C7)/C8 -> -0.014884106 | E8: 2811.8701 | F8: =(E8-E7)/E8 -> -0.024727239
B9: 43599 | C9: 56.555382 | D9: =(C9-C8)/C9 -> -0.010669948 | E9: 2834.4099 | F9: =(E9-E8)/E9 -> 0.0079522002
B10: 43600 | C10: 56.753235 | D10: =(C10-C9)/C10 -> 0.0034861977 | E10: 2850.96 | F10: =(E10-E9)/E10 -> 0.0058050794
B11: 43601 | C11: 56.782913 | D11: =(C11-C10)/C11 -> 0.00052265723 | E11: 2876.3201 | F11: =(E11-E10)/E11 -> 0.0088168585
B12: 43602 | C12: 56.406998 | D12: =(C12-C11)/C12 -> -0.0066643327 | E12: 2859.53 | F12: =(E12-E11)/E12 -> -0.0058716079
B13: 43605 | C13: 55.833233 | D13: =(C13-C12)/C13 -> -0.010276407 | E13: 2840.23 | F13: =(E13-E12)/E13 -> -0.0067952416
B14: 43606 | C14: 55.932159 | D14: =(C14-C13)/C14 -> 0.0017686784 | E14: 2864.3601 | F14: =(E14-E13)/E14 -> 0.0084242644
B15: 43607 | C15: 56.219044 | D15: =(C15-C14)/C15 -> 0.0051029861 | E15: 2856.27 | F15: =(E15-E14)/E15 -> -0.0028323957
B16: 43608 | C16: 56.476246 | D16: =(C16-C15)/C16 -> 0.0045541625 | E16: 2822.24 | F16: =(E16-E15)/E16 -> -0.012057809
B17: 43609 | C17: 55.951946 | D17: =(C17-C16)/C17 -> -0.0093705409 | E17: 2826.0601 | F17: =(E17-E16)/E17 -> 0.0013517296
... B26: 43623 | C26: 55.990002 | D26: =(C26-C25)/C26 -> 0.0039293087 | E26: 2873.3401 | F26: =(E26-E25)/E26 -> 0.010388641
D27: =SUM(D5:D26) -> -0.013904841 | F27: =SUM(F5:F26) -> -0.0031500736
C29: Kellogg | D29: Market (S&P 500)
B30: Returns | C30: =D27 -> -0.013904841 | D30: =F27 -> -0.0031500736
B31: Standard Deviation
B32: Variance | C32: =VARP(D6:D26) -> 0.00023576295 | D32: =VARP(F6:F26) -> 9.8905167e-05
B33: Covariance | C33: =COVAR(D6:D26,F6:F26) -> 5.0095853e-05
B34: Beta | C34: =C33/D32 -> 0.5065039
